 Dungeon Crawl Stone Soup version 0.30.0-15-g856e2d3f33 (webtiles) character file.

Game seed: 10625446480783022791

107 Sanktem7 the Covered (level 4, -3/41 HPs)
             Began as a Minotaur Fighter on May 19, 2023.
             Slain by Duvessa
             ... wielding a +0 rapier
              (12 damage)
             ... on level 4 of the Dungeon.
             The game lasted 00:02:13 (1399 turns).

Sanktem7 the Covered (Minotaur Fighter)             Turns: 1399, Time: 00:02:14

Health: -3/41      AC:  7    Str: 22    XL:     4   Next: 56%
Magic:  3/3        EV:  9    Int:  5    God:
Gold:   87         SH:  4    Dex: 10    Spells: 3/3 levels left

rFire   . . .        a - +0 war axe {axe}
rCold   . . .        c - +0 buckler
rNeg    . . .        b - +0 scale mail
rPois   .            (helmet restricted)
rElec   .            (no cloak)
rCorr   .            (no gloves)
SInv    .            (no boots)
Will    .....        (no amulet) Stlth
                     (no ring)
HPRegen 0.26/turn    (no ring)
MPRegen 0.08/turn

%: no passive effects
@: no status effects
A: horns 2, retaliatory headbutt
a: no special abilities


You were on level 4 of the Dungeon.
You visited 1 branch of the dungeon, and saw 3 of its levels.

You collected 87 gold pieces.


Innate Abilities, Weirdness & Mutations

You have a pair of horns on your head.
You reflexively headbutt those who attack you in melee.


   Skills:
 + Level 4.3 Fighting
 * Level 4.1 Axes
 + Level 4.3 Armour
 + Level 4.3 Shields


You had 3 spell levels left.
You didn't know any spells.
Your spell library contained the following spells:

 Spells                   Type           Power      Damage    Failure   Level
 Ozocubu's Armour         Ice            0%         N/A       99%         3
 Ozocubu's Refrigeration  Ice            0%         4d7       100%        7

Inventory:

Hand Weapons
 a - a +0 war axe (weapon) {axe}
 i - a +1 vampiric dagger {short}
   (You took it off a goblin on level 1 of the Dungeon)
Missiles
 e - 16 stones (quivered) {throwing}
 m - 3 datura-tipped darts {throwing}
 n - 5 poisoned darts {throwing}
Armour
 b - a +0 scale mail (worn)
 c - a +0 buckler (worn)
Magical Staves
 g - a staff of air {!astaff}
   (You found it on level 1 of the Dungeon)
Scrolls
 f - 3 scrolls of identify {unknown}
 j - a scroll of acquirement {unknown}
 l - a scroll of fog {unknown}
 o - a scroll of noise {unknown}
Potions
 d - a potion of might
 h - a potion of curing {unknown}
 k - 2 potions of magic {unknown}

Dungeon Overview and Level Annotations

Branches:
Dungeon (2/15) Zot: 16558

Altars:

Annotations:
D:4 Dowan, Duvessa

! #.#. .. #...
..##..#### .
....... # ...
##.#.###.#
.....#........#
.........h.#
#......###e##
###.... #@e#
#..## ##.####
#####.# #...
#....###.....#
....
####.##..####..#
... #.##.## .h.
#.....####.#
####.......#
#.###.#..#
#..>..#


You could see Duvessa (fast), Dowan and a jackal.


Message History

You take 2 damage, and now have 20/40 hp.
You slash the frilled lizard!
You kill the frilled lizard! 😮 HP[+1]
You now have 41 max hp (+1).
You see here a +0 spear {polearm}.
There is a stone staircase leading up here.
A sourceless malevolence fills the Dungeon...
You fall into a shaft and drop 2 floors!
The shaft crumbles and collapses. 😎 HP[+20]
Your hp is fully restored (41).
o - a scroll labelled FUAT RYTAPS A hobgoblin comes into view.
The hobgoblin shouts!
You see here 14 gold pieces.
A hobgoblin is nearby!
You hit the hobgoblin but do no damage. Your headbutt misses the hobgoblin.
The hobgoblin closely misses you.
You hit the hobgoblin but do no damage. The hobgoblin closely misses you.
You furiously retaliate!
You headbutt the hobgoblin. You slash the hobgoblin!
You kill the hobgoblin!
No target in view!
No target in view!
No target in view!
No target in view!
No target in view!
No target in view!
No target in view!
No target in view!
No target in view!
No target in view!
No target in view!
No target in view!
No target in view!
You now have 87 gold pieces (gained 14).
Found a stone staircase leading down.
An endoplasm comes into view.
The endoplasm quivers.
An endoplasm is nearby!
Duvessa and Dowan come into view.
Duvessa shouts!
Dowan shouts!
You hear a bark!
The endoplasm hits you but does no damage.
You hit the endoplasm.
You headbutt the endoplasm, but do no damage.
A ball python comes into view.
You block the endoplasm's attack.
Duvessa roars, "You can run, but you cannot escape us forever!"
You completely miss the endoplasm.
The ball python hisses angrily.
The endoplasm hits you but does no damage.
You hit the endoplasm. Your headbutt misses the endoplasm.
A jackal comes into view. x2
The endoplasm freezes you.
You are frozen.
The endoplasm freezes you.
You are frozen.
Duvessa hits you with a +0 rapier!
You are too injured to fight recklessly! 😮 HP[-17]
You take 17 damage, and now have 24/41 hp.
MASSIVE DAMAGE!! (PAUSE)
The ball python bites you but does no damage.
The ball python grabs you.
The ball python constricts you. 😮 HP[+1]
You escape the ball python's grasp.
You slash the endoplasm!
You kill the endoplasm!
The ball python barely misses you. x2
You slash the ball python!
You kill the ball python! 😮 HP[+1]
You slash Duvessa! Duvessa hits you with a +0 rapier!
* * * LOW HITPOINT WARNING * * *
You block Dowan's attack. 😨 HP[-9]
You take 9 damage, and now have 17/41 hp.
MASSIVE DAMAGE!! (PAUSE)
You slash Duvessa!
Duvessa says, "My weaknesses are his strengths!"
Duvessa hits you with a +0 rapier.
* * * LOW HITPOINT WARNING * * *
😨 HP[-3]
You take 3 damage, and now have 14/41 hp.
You hit Duvessa but do no damage.
Dowan gestures at Duvessa while chanting.
Duvessa seems to speed up.
You hear a bark! x2
You slash the jackal!
You kill the jackal!
You hit Duvessa. Duvessa barely misses you.
A jackal comes into view.
Duvessa barely misses you. Dowan closely misses you.
You hit Duvessa. You headbutt Duvessa, but do no damage.
You closely miss Dowan. Duvessa hits you with a +0 rapier.
* * * LOW HITPOINT WARNING * * *
You block Duvessa's attack. Dowan hits you but does no damage.
Duvessa hits you with a +0 rapier!
You die...

Skill      XL: |  1  2  3  4 |
---------------+-------------+-----
Axes           | 3 4 |  4.1
Armour         | 4 |  4.3
Shields        | 4 |  4.3
Fighting       | 4 |  4.3

Action                     |  1- 3 |  4- 6 || total
---------------------------+-------+-------++-------
  Melee: War axe           |    91 |    26 ||   117
         Headbutt          |    10 |     4 ||    14
 Armour: Scale mail        |    47 |    10 ||    57
  Dodge: Dodged            |    32 |    10 ||    42
  Block: Buckler           |    30 |     3 ||    33

Levels and vault maps discovered:
D:1:      eino_arrival_water_cross, layout_basic,
          shapermc_ecumenical_altar_venn, hex_tiny
D:2:      layout_basic
D:4:      layout_rooms, mainiacjoe_overflow_brackets, uniq_duvessa

Notes
Turn   | Place    | Note
-------+----------+-------------------------------------------
     0 | D:1      | Sanktem7 the Minotaur Fighter began the quest for the Orb.
     0 | D:1      | Reached XP level 1. HP: 19/19 MP: 0/0
     0 | D:1      | magus.rc [v1.9.6]
   169 | D:1      | Reached XP level 2. HP: 27/27 MP: 1/1
   174 | D:1      | Found a faded altar of an unknown god.
   227 | D:1      | Reached skill level 3 in Axes
   349 | D:1      | Reached skill level 4 in Armour
   351 | D:1      | Reached skill level 4 in Shields
   351 | D:1      | Reached XP level 3. HP: 32/33 MP: 2/2
   457 | D:1      | Reached skill level 4 in Fighting
   702 | D:2      | You add the spells Ozocubu's Armour and Ozocubu's
                  | Refrigeration to your library.
  1251 | D:2      | Reached XP level 4. HP: 39/40 MP: 3/3
  1260 | D:2      | Reached skill level 4 in Axes
  1350 | D:2      | You fall into a shaft and drop 2 floors!
  1385 | D:4      | Noticed Duvessa
  1385 | D:4      | Noticed Dowan
  1399 | D:4      | HP: 9/41 [Duvessa/+0 rapier (6)]
  1399 | D:4      | Slain by Duvessa

Vanquished Creatures
  An adder (D:2)
  4 gnolls (D:2)
  A worm (D:2)
  2 dart slugs (D:1)
  9 ball pythons
  2 bats
  5 endoplasms
  A giant cockroach (D:1)
  4 goblins
  7 hobgoblins
  A jackal (D:4)
  5 kobolds
  2 quokkas (D:1)
  4 frilled lizards
  A rat (D:2)
49 creatures vanquished.

Table legend:
 A = Non-vault XP
 B = Vault XP
 C = Vault XP percentage of total XP
 D = Non-vault monster count
 E = Vault monster count
 F = Vault count percentage of total count
                 A         B        C        D         E       F
            +---------+---------+-------+---------+---------+-------
      Total |     153 |       0 |   0.0 |      49 |       0 |   0.0
            +---------+---------+-------+---------+---------+-------
        D:1 |      44 |       0 |   0.0 |      24 |       0 |   0.0
        D:2 |     101 |       0 |   0.0 |      21 |       0 |   0.0
        D:4 |       8 |       0 |   0.0 |       4 |       0 |   0.0
            +---------+---------+-------+---------+---------+-------

Skill      XL: |  1  2  3  4 |
---------------+-------------+-----
Axes           | 3 4 |  4.1
Armour         | 4 |  4.3
Shields        | 4 |  4.3
Fighting       | 4 |  4.3

Action                     |  1- 3 |  4- 6 || total
---------------------------+-------+-------++-------
  Melee: War axe           |    91 |    26 ||   117
         Headbutt          |    10 |     4 ||    14
 Armour: Scale mail        |    47 |    10 ||    57
  Dodge: Dodged            |    32 |    10 ||    42
  Block: Buckler           |    30 |     3 ||    33

Illustrated notes

Table legend:
 A = Kills in this place as a percentage of kills in the entire game.
 B = Kills by you in this place as a percentage of kills by you in the entire game.
 C = Kills by friends in this place as a percentage of kills by friends in the entire game.
 D = Other kills in this place as a percentage of other kills in the entire game.
 E = Experience gained in this place as a percentage of experience gained in the entire game.
 F = Experience gained in this place divided by the number of levels of this place that you have seen.
                   A       B       C       D       E      F
               +-------+-------+-------+-------+-------+----------------------
         Total | 100.0 | 100.0 |   N/A |   N/A | 100.0 |  51.0
       Dungeon | 100.0 | 100.0 |   N/A |   N/A | 100.0 |  51.0
               +-------+-------+-------+-------+-------+----------------------

Table legend: (Time is in decaauts)
 A = Elapsed time spent in this place.
 B = Non-inter-level travel time spent in this place.
 C = Inter-level travel time spent in this place.
 D = Time resting spent in this place.
 E = Time spent auto-exploring this place.
 F = Levels seen in this place.
 G = Mean time per level.
                   A        B        C        D        E       F      G
               +--------+--------+--------+--------+--------+-----+--------+
         Total |   1440 |   1436 |      4 |      0 |   1155 |   3 |  480.0 |
       Dungeon |   1440 |   1436 |      4 |      0 |   1155 |   3 |  480.0 |
               +--------+--------+--------+--------+--------+-----+--------+

Top non-repeatable levels by time:
     D:2: 763 daAuts
     D:1: 624 daAuts
     D:4: 52 daAuts
